Map: Dusk Towers

Players

capac - Winner!

  • Race: Terran Terran
  • League: Gold

takkemi

  • Race: Protoss Protoss
  • League: Silver

VOD

Have the link to the VOD?

Description

Time

  • Played on: April 2, 2016, 6:45 a.m.
  • Length: 13:04
Show
View Real Time Build Order
Export as new Build Order

capac Terran - Winner!

Build Orders: MMM Bio 

Get SALT Encoding   

  12  0:01  SCV  
  13  0:13  SCV  
  14  0:18  Supply Depot  
  14  0:25  SCV  
  15  0:40  SCV  
  15  0:42  Barracks  
  16  0:45  Refinery  
  16  0:52  SCV  
  17  1:04  SCV  
  18  1:16  SCV  
  19  1:28  SCV  
  19  1:32  Reaper  
  21  1:40  Command Center  
  21  1:48  Orbital Command  
  21  1:56  Supply Depot  
  21  2:11  Marine  
  22  2:16  Factory  
  22  2:19  SCV  
  23  2:30  Refinery  
  23  2:36  Barracks Reactor  
  23  2:37  Barracks  
  23  2:57  SCV  
  24  3:08  Factory Tech Lab  
  24  3:09  Starport  
  23  3:13  Marine x2  
  23  3:15  Orbital Command  
  23  3:18  SCV  
  26  3:26  Barracks Tech Lab  
  26  3:28  Barracks  
  26  3:31  Marine x2  
  28  3:34  SCV  
  29  3:44  SCV  
  29  3:46  SCV  
  31  3:53  Siege Tank  
  31  3:54  Starport Reactor  
  34  3:57  SCV  
  34  3:58  SCV  
  34  4:01  Supply Depot  
  36  4:04  Engineering Bay  
  36  4:08  Marine x3  
  36  4:09  SCV  
  40  4:13  Stimpack  
  40  4:17  Marine  
  40  4:24  Supply Depot  
  41  4:25  SCV  
  41  4:26  SCV  
  43  4:33  Marine x2  
  43  4:34  Marine  
  43  4:37  Medivac  
  48  4:39  SCV x2  
  48  4:45  Refinery x2, Marine  
  51  4:49  Medivac  
  51  4:52  Supply Depot  
  53  4:53  SCV  
  53  4:59  Marine x3  
  57  5:14  Supply Depot  
  57  5:15  Medivac  
  57  5:20  Medivac  
  57  5:21  SCV x2  
  63  5:27  Marine  
  63  5:28  Marine x2  
  67  5:30  Barracks Reactor  
  67  5:33  SCV x2  
  68  5:43  Supply Depot  
  68  5:44  Command Center  
  68  5:55  Siege Tank  
  68  5:56  Marine x3  
  74  6:07  Marine x2  
  74  6:11  Medivac x2  
  80  6:13  SCV x2  
  80  6:15  Supply Depot  
  82  6:22  Combat Shields  
  82  6:26  Marine x3  
  82  6:29  Marine  
  86  6:36  Marine  
  87  6:53  Barracks Reactor  
  85  7:01  Missile Turret  
  83  7:09  Missile Turret  
  83  7:32  Liberator x2  
  82  7:47  Marine x4  
  82  7:48  Marine  
  82  7:49  Siege Tank  
  85  8:30  Marine x5  
  88  8:48  Marine x5  
  93  8:55  Supply Depot  
  93  8:56  Liberator x2, Missile Turret  
  93  9:06  Marine x2  
  95  9:12  SCV  
  95  9:13  SCV  
  95  9:14  Marine x3  
  95  9:16  Siege Tank  
  109  9:23  Marine x2  
  108  9:57  Marine x5  
  113  10:14  Marine x2  
  113  10:15  Barracks, Marine x2, Command Center  
  113  10:16  Barracks x2  
  113  10:17  Barracks  
  117  10:36  Supply Depot  
  117  10:42  Missile Turret  
  117  10:57  Marine x4, Medivac x2  
  117  11:00  Supply Depot  
  125  11:12  Marine  
  125  11:13  SCV x2  
  125  11:15  Siege Tank  
  107  11:28  Marine x2  
  107  11:29  Marine x2  
  107  11:30  Marine  
  108  11:38  Liberator x2  
  105  11:42  Barracks Reactor  
  105  11:43  Barracks Reactor  
  105  11:46  Marine x3  
  105  11:47  Marine x2  
  110  11:54  Concussive Shells  
  110  11:55  Siege Tank  
  110  11:57  Barracks Reactor  
  119  12:04  Marine x2  
  119  12:05  SCV x2  
  119  12:07  Orbital Command  
  123  12:17  SCV x2  
  125  12:27  Marine x4  
  125  12:28  Marine x4  
  133  12:30  Barracks Tech Lab  
Show
View Real Time Build Order
Export as new Build Order

takkemi Protoss 

Build Orders: Nexus First 

Get SALT Encoding   

  12  0:00  Probe (Chrono Boost)  
  13  0:11  Probe (Chrono Boost)  
  14  0:19  Pylon  
  14  0:26  Probe (Chrono Boost)  
  15  0:37  Probe (Chrono Boost)  
  16  0:58  Nexus  
  16  1:04  Probe (Chrono Boost)  
  17  1:14  Probe (Chrono Boost)  
  17  1:17  Gateway  
  18  1:32  Probe (Chrono Boost)  
  19  1:36  Assimilator  
  19  1:38  Pylon  
  19  1:42  Assimilator  
  19  1:48  Probe (Chrono Boost)  
  20  1:55  Gateway  
  20  1:58  Probe (Chrono Boost)  
  21  2:08  Cybernetics Core  
  21  2:09  Probe (Chrono Boost)  
  22  2:17  Probe (Chrono Boost)  
  22  2:20  Probe (Chrono Boost)  
  24  2:28  Probe (Chrono Boost)  
  25  2:33  Gateway  
  25  2:35  Pylon  
  26  2:37  Probe (Chrono Boost)  
  25  3:08  Probe (Chrono Boost)  
  26  3:13  Probe (Chrono Boost)  
  26  3:16  Stalker  
  26  3:18  Probe (Chrono Boost)  
  30  3:20  Warp Gate (Chrono Boost)  
  30  3:22  Probe  
  31  3:31  Probe  
  32  3:35  Twilight Council  
  32  3:36  Probe  
  33  3:44  Pylon  
  33  3:45  Probe  
  33  3:47  Mothership Core  
  36  3:57  Probe  
  37  4:03  Pylon  
  37  4:05  Pylon  
  37  4:07  Adept  
  39  4:10  Assimilator  
  39  4:15  Dark Shrine  
  39  4:19  Probe  
  39  4:23  Probe, Stalker  
  44  4:31  Probe  
  44  4:36  Forge  
  44  4:40  Blink  
  44  4:44  Probe  
  45  4:52  Probe  
  46  5:04  Nexus  
  46  5:11  Probe, Robotics Facility  
  47  5:16  Probe  
  47  5:17  Assimilator  
  47  5:20  Protoss Ground Weapons Level 1 (Chrono Boost)  
  48  5:24  Probe  
  48  5:28  Probe  
  50  5:31  Pylon  
  50  5:36  Probe  
  50  5:40  Probe, Pylon  
  52  5:43  Gateway  
  52  5:48  Probe, Gateway  
  53  5:52  Photon Cannon  
  53  6:00  Observer  
  53  6:01  Probe  
  55  6:07  Probe  
  55  6:10  Dark Templar  
  55  6:11  Dark Templar x2  
  62  6:16  Probe  
  62  6:17  Probe  
  64  6:19  Probe  
  65  6:26  Probe  
  65  6:29  Probe  
  65  6:31  Probe  
  68  6:37  Probe  
  69  6:42  Probe  
  69  6:46  Dark Templar  
  69  6:47  Dark Templar x2  
  58  7:18  Gateway  
  58  7:19  Gateway  
  58  7:20  Mothership Core  
  58  7:22  Gateway  
  60  7:24  Dark Templar  
  60  7:25  Dark Templar, Pylon  
  63  7:32  Dark Templar x3  
  61  7:43  Dark Templar  
  55  8:02  Dark Templar  
  55  8:07  Zealot x3  
  61  8:16  Nexus  
  61  8:22  Gateway  
  61  8:25  Cybernetics Core  
  61  8:26  Gateway  
  59  8:28  Gateway  
  53  8:55  Nexus  
  53  9:21  Adept  
  55  9:26  Pylon  
  55  9:35  Pylon  
  55  9:36  Gateway  
  55  9:38  Gateway  
  55  9:40  Adept x2  
  55  9:41  Adept  
  55  9:43  Gateway  
  59  9:45  Probe  
  59  9:47  Pylon  
  59  9:48  Mothership Core  
  62  10:03  Pylon  
  62  10:06  Pylon  
  62  10:12  Pylon  
  62  10:24  Assimilator  
  62  10:29  Assimilator  
  62  10:33  Pylon  
  62  10:36  Pylon  
  62  10:39  Stalker x4, Pylon  
  62  10:40  Stalker x3  
  62  10:42  Probe x2  
  76  10:44  Probe  
  76  10:54  Adept x3  
  76  10:55  Adept  
  79  11:02  Adept x2  
  83  11:05  Adept  
  85  11:17  Adept x4  
  63  11:26  Probe, Adept x3  
  64  11:37  Probe  
  64  11:38  Probe  
  64  11:48  Nexus  
  64  11:54  Stalker x2  
  64  11:55  Mothership Core  
  70  12:03  Templar Archives  
  70  12:13  Probe  
  70  12:14  Probe  
  72  12:39  Probe  
  72  12:41  Probe  
  74  12:45  Zealot  
  74  12:46  Zealot x5  
  74  12:47  Zealot x2  
  90  12:55  Zealot  
Tags
 
Composition
MMM Bio
Matchup
PvT
Add a new tag
Caveats
  • Supply blocks, unpowered buildings, or Contaminate may cause inaccurate times.
  • Supply counts are checked every 10 seconds.